 Dungeon Crawl Stone Soup version 0.17-a0-488-g0a147b9 (webtiles) character file.

227787 abixa the Shatterer (level 19, -4/322 HPs)
             Began as an Ogre Berserker on Apr 8, 2015.
             Was the Champion of Trog.
             Slain by a black mamba (6 damage)
             ... on level 5 of the Snake Pit on Apr 9, 2015.
             The game lasted 05:07:37 (49938 turns).

abixa the Shatterer (Ogre Berserker)               Turns: 49938, Time: 05:07:37

Health: -4/322     AC: 18    Str: 32    XL:     19   Next: 39%
Magic:  0/26       EV: 16    Int:  6    God:    Trog [******]
Gold:   2679       SH:  0    Dex: 15    Spells: 0 memorised, 18 levels left

rFire  + . .     SeeInvis +     a - +9 giant spiked club (vamp)
rCold  . . .     Clarity  .     f - +0 swamp dragon armour
rNeg   . . .     SustAb   .     (no shield)
rPois  +         Gourm    .     d - +0 hat {Spirit}
rElec  .         Spirit   +     x - +2 cloak of the Thief {+Fog Slay-2 SInv Stlth+}
rCorr  .         Warding  .     (gloves unavailable)
rMut   .         Stasis   .     (boots unavailable)
MR     +....                    N - amulet of faith
Stlth  ..........               U - +3 ring of protection
                                h - ring of protection from fire

@: berserking, lethally poisoned (-4 -> -23), slowed, somewhat resistant to
hostile enchantments, extremely unstealthy
A: unfitting armour, tough skin 1
a: Burn Spellbooks, Berserk, Trog's Hand, Brothers in Arms, Renounce Religion,
Evoke Fog
}: 1/15 runes: decaying


You were on level 5 of the Snake Pit.
You worshipped Trog.
Trog was exalted by your worship.
You were hungry.

You visited 6 branches of the dungeon, and saw 38 of its levels.
You visited 1 bazaar.
You also visited: Bailey, Ice Cave and Volcano.

You collected 5228 gold pieces.
You spent 2549 gold pieces at shops.

Inventory:

Hand weapons
 a - a +9 vampiric giant spiked club (weapon)
 b - a +3 blowgun
 y - the +5 giant spiked club of the Enchanted Forest {crush, rF+ rC+ Str+2}
   (Trog gifted it to you on level 4 of the Swamp)

   It inflicts extra damage upon your enemies.
   It affects your strength (+2).
   It protects you from fire.
   It protects you from cold.
 L - the +7 giant spiked club of the Thirteen Wars {holy, rC+ Str+4}
   (Trog gifted it to you on level 5 of the Snake Pit)

   It has been blessed by the Shining One to cause great damage to the undead
   and demons.
   It affects your strength (+4).
   It protects you from cold.
Missiles
 u - 2 throwing nets
 F - 34 large rocks
 H - 26 tomahawks (quivered)
 J - 20 javelins of penetration
 K - 5 curare-tipped needles
 M - 4 poisoned tomahawks
 Q - 5 steel javelins
 T - 12 javelins
Armour
 d - a +0 hat of spirit shield (worn)
 f - a +0 swamp dragon armour (worn)
 x - the +2 cloak of the Thief (worn) {+Fog Slay-2 SInv Stlth+}
   (You bought it in a shop on level 4 of the Orcish Mines)

   It affects your accuracy and damage with ranged weapons and melee attacks
   (-2).
   It enhances your eyesight.
   It can be evoked to emit clouds of fog.
   It makes you more stealthy.
Jewellery
 h - a ring of protection from fire (left hand)
 n - an uncursed ring of teleportation
 s - an uncursed ring of positive energy
 D - an uncursed ring of protection from cold
 N - an amulet of faith (around neck)
 U - a +3 ring of protection (right hand)
 W - an uncursed ring of teleport control
Magical devices
 e - a wand of lightning (6)
 j - a wand of enslavement (10)
 k - a wand of heal wounds (9)
 C - a wand of disintegration (10)
 I - a wand of teleportation (1)
 X - a wand of heal wounds (5)
Scrolls
 i - 4 scrolls of silence
 l - 14 scrolls of remove curse
 o - 3 scrolls of identify
 p - 6 scrolls of blinking
 E - 10 scrolls of teleportation
 O - a scroll of summoning
 P - a scroll of enchant armour
 R - 4 scrolls of magic mapping
 Y - 4 scrolls of fear
 Z - 4 scrolls of fog
Potions
 g - 2 potions of magic
 m - 7 potions of agility
 q - 8 potions of haste
 t - 5 potions of cancellation
 v - 4 potions of invisibility
 z - 6 potions of might
 A - a potion of brilliance
 B - 11 potions of curing
 G - a potion of resistance
 S - 9 potions of heal wounds
Miscellaneous
 w - a phial of floods
Comestibles
 c - 22 bread rations
 r - 3 meat rations


   Skills:
 - Level 19.0 Fighting
 - Level 22.0 Maces & Flails
 - Level 14.0 Throwing
 + Level 11.7 Armour
 - Level 12.0 Dodging
 - Level 10.0 Evocations


You had 18 spell levels left.
You didn't know any spells.

Dungeon Overview and Level Annotations

Branches:
Dungeon (15/15)            Temple (1/1) D:6            Lair (8/8) D:10
  Swamp (5/5) Lair:5        Snake (5/5) Lair:3        Slime (0/6) Lair:6
    Orc (4/4) D:9             Elf (0/3) Orc:3        Vaults (0/5) D:14
 Depths (0/5) D:15

Altars:
Ashenzari
Cheibriados
Dithmenos
Elyvilon
Fedhas
Gozag
Kikubaaqudgha
Makhleb
Nemelex Xobeh
Okawaru
Qazlal
Ru
Sif Muna
Trog
Vehumet
Xom
Yredelemnul
Zin
The Shining One
Beogh
Jiyva

Shops:
Orc:4 [(*:   Snake:4 %*(   Snake:5 *

Annotations:
D:11 fly for whatever
D:14 !god gift
D:15 wands
Swamp:2 vuln
Orc:4 !warlord + ghost


Innate Abilities, Weirdness & Mutations

You are too large for most types of armour.
You have tough skin (AC +1).


Message History

Trog appreciates your killing of a magic user.
You feel sick. The black mamba bites you!
* * * LOW HITPOINT WARNING * * *
The guardian serpent hits you but does no damage.
The black mamba barely misses you.
You closely miss the black mamba.
* * * LOW HITPOINT WARNING * * *
You feel sick. The black mamba closely misses you.
The guardian serpent coils itself and waves its upper body at you.
You feel yourself slow down.
You barely miss the black mamba.
* * * LOW HITPOINT WARNING * * *
You feel sick.
The black mamba bites you but does no damage.
The black mamba bites you!
* * * LOW HITPOINT WARNING * * *
The guardian serpent coils itself and waves its upper body at you.
The bolt of poison hits you! You resist. The black mamba barely misses you.
The black mamba bites you.
You die...

...#....##,,.≈≈≈,,,##.......#......
...#....#,*..≈≈≈,,*,#.......#......
...#....#,#N.≈≈≈,,*,#.......#......
...#....#.#..≈≈≈,,*,#.......#######
...#....##...≈≈≈,,,##........(.....
...#.....###....,*##.....#####'###.
####).....###'''###......#.......#.
.....)....##....)##......#......##.
................)@)......#......#..
...............)SSS......##'#####..
#######+####.......................
#++###.....#.......................
.....'.....#.......................
.....#.....#.......#########[######
.....#.....#.......#...............
.....#.....'.......#...............
.....#.....#.......#...............


You could see a guardian serpent and 2 black mambas.

Vanquished Creatures
  the Lernaean hydra (Swamp:5)
  Rupert (Lair:7)
  A thorn hunter (Swamp:5)
  Agnes (D:15)
  Roxanne (Snake:4)
  The ghost of Somebody the Brawler, a mighty NaTm of Cheibriados (D:15)
  3 greater nagas
  Louise (Snake:1)
  An orc warlord (Orc:4)
  A dire elephant (D:15)
  The ghost of Zebura the Severer, a powerful DDBe of Trog (Orc:4)
  A vault guard (D:14)
  A fire dragon (D:15)
  A yaktaur captain (D:13)
  A great orb of eyes (D:15)
  Fannar (Lair:1)
  2 ice dragons
  12 naga warriors
  25 hydras
  A catoblepas (Lair:7)
  10 anacondas
  Erica (D:9)
  5 alligators
  A ghost crab (Swamp:4)
  An ogre mage (Orc:4)
  5 centaur warriors
  19 death yaks
  5 shock serpents
  4 tengu warriors
  5 naga sharpshooters
  An orc high priest (Orc:4)
  Sonja (Lair:1)
  5 spriggans
  3 unseen horrors
  A sea snake (Snake:5)
  2 wizards
  4 salamander mystics
  17 swamp dragons
  8 naga ritualists
  2 ice statues (IceCv)
  2 lindwurms (Lair:8)
  A shambling mangrove (Swamp:2)
  Pikel (D:4)
  A necromancer (D:14)
  9 mana vipers
  2 hornets
  2 manticores
  6 hill giants
  6 orc knights
  A griffon (D:15)
  An oklob plant (Lair:5)
  6 ugly things
  13 salamanders
  2 orc sorcerers (Orc:4)
  25 slime creatures
  48 black mambas
  5 guardian serpents
  19 naga magi
  22 spiny frogs
  7 torpor snails
  13 elephants
  3 gargoyles
  A yaktaur (D:14)
  A kobold demonologist (D:15)
  A freezing wraith (D:15)
  6 komodo dragons
  A fire drake (Volcano)
  4 two-headed ogres (Orc:4)
  4 wandering mushrooms (D:9)
  A tengu conjurer (D:14)
  7 trolls
  4 giant leeches
  12 bog bodies
  20 blink frogs
  A harpy skeleton (D:15)
  10 baby alligators
  A trapdoor spider zombie (D:13)
  8 ravens
  6 wyverns
  Sigmund (D:5)
  41 yaks
  A redback (Lair:8)
  A trapdoor spider (D:13)
  3 deep elf magi
  4 shadows
  3 wraiths
  Eustachio (D:4)
  21 humans (D:14)
  3 basilisks
  5 hungry ghosts
  4 mottled dragons
  8 wargs
  18 vampire mosquitoes
  5 hippogriffs
  58 nagas
  28 swamp worms
  19 insubstantial wisps
  43 water moccasins
  7 wolves
  22 ice beasts
  Duvessa (D:6)
  A hell hound (Volcano)
  5 ogres
  5 porcupines
  5 spiders (Lair:8)
  11 wasps
  A necrophage (D:13)
  4 eyes of draining
  A slave (D:4)
  14 swamp drakes
  36 orc warriors
  2 phantoms
  13 centaurs
  6 sky beasts
  2 black bears
  12 crocodiles
  3 brain worms (Lair:8)
  28 giant frogs
  4 big kobolds
  Dowan (D:6)
  A wyvern zombie (D:12)
  A gnoll sergeant (D:9)
  3 scorpions
  2 oklob saplings (D:9)
  2 electric eels
  21 killer bees
  8 wights
  2 giant frog zombies
  5 centaur zombies
  14 crimson imps
  2 jellies
  2 giant frog skeletons (D:13)
  23 orc priests
  13 hounds
  6 centaur skeletons
  7 iguanas
  43 orc wizards
  12 worker ants
  A killer bee zombie (D:6)
  17 sheep
  A hound skeleton (D:9)
  2 mummies (D:8)
  Robin (D:2)
  3 gnolls (D:9)
  30 adders
  A scorpion zombie (D:10)
  6 shadow imps
  29 river rats
  13 white imps
  20 worms
  An adder zombie (D:5)
  3 adder skeletons
  7 giant geckos
  An ooze (D:4)
  147 orcs
  12 bats
  3 bat skeletons
  A bat zombie (D:5)
  2 giant cockroaches
  27 hobgoblins
  9 jackals
  13 quokkas
  A giant gecko skeleton (D:4)
  4 giant newts
  2 giant spores
  34 goblins
  28 kobolds
  A quokka skeleton (D:4)
  A quokka zombie (D:8)
  9 rats
  20 ballistomycetes
  5 plants
1514 creatures vanquished.

Vanquished Creatures (others)
  An ice dragon (IceCv)
  A naga mage (Snake:3)
  An insubstantial wisp (Swamp:4)
  A centaur (D:10)
  3 orcs (Orc:1)
  2 kobolds (D:10)
  6 giant spores
  13 ballistomycetes (D:10)
  4 fungi
  5 plants
37 creatures vanquished.

Grand Total: 1551 creatures vanquished

Notes
Turn   | Place    | Note
--------------------------------------------------------------
     0 | D:1      | abixa, the Ogre Berserker, began the quest for the Orb.
     0 | D:1      | Reached XP level 1. HP: 24/24 MP: 1/1
   209 | D:1      | Found a snail-covered altar of Cheibriados.
   249 | D:1      | Reached skill level 1 in Throwing
   249 | D:1      | Reached XP level 2. HP: 18/32 MP: 2/2
   613 | D:1      | Acquired Trog's second power
   728 | D:2      | Found a basalt altar of Yredelemnul.
   728 | D:2      | Found a shattered altar of Ashenzari.
   728 | D:2      | Found a shadowy altar of Dithmenos.
   792 | D:2      | Reached XP level 3. HP: 32/39 MP: 3/3
   958 | D:2      | Found an opulent altar of Gozag.
  1005 | D:2      | Reached skill level 5 in Maces & Flails
  1059 | D:2      | Reached XP level 4. HP: 19/48 MP: 1/4
  1321 | D:2      | Noticed Robin
  1338 | D:2      | Killed Robin
  1754 | D:3      | Reached XP level 5. HP: 51/54 MP: 5/5
  1877 | D:3      | Found a glowing golden altar of the Shining One.
  2089 | D:3      | Reached skill level 6 in Maces & Flails
  2723 | D:4      | Found a white marble altar of Elyvilon.
  3109 | D:4      | Reached XP level 6. HP: 56/63 MP: 4/6
  3541 | D:4      | Reached skill level 5 in Fighting
  3699 | D:4      | Reached skill level 7 in Maces & Flails
  3708 | D:5      | Entered Level 5 of the Dungeon
  3708 | D:5      | Noticed Eustachio
  3904 | D:5      | Reached XP level 7. HP: 68/72 MP: 7/7
  3982 | D:5      | Acquired Trog's third power
  4000 | D:4      | Reached skill level 8 in Maces & Flails
  4028 | D:4      | Killed Eustachio
  4056 | D:5      | Received a gift from Trog
  4082 | D:5      | Noticed Pikel
  4313 | D:4      | Killed Pikel
  4313 | D:4      | Reached skill level 9 in Maces & Flails
  4313 | D:4      | Reached skill level 5 in Throwing
  4313 | D:4      | Reached XP level 8. HP: 63/84 MP: 8/8
  4488 | D:5      | Noticed Sigmund
  4500 | D:5      | Killed Sigmund
  4500 | D:5      | Reached skill level 10 in Maces & Flails
  4979 | D:6      | Noticed Duvessa
  4993 | D:6      | Killed Duvessa
  4993 | D:6      | Reached skill level 11 in Maces & Flails
  4993 | D:6      | Reached XP level 9. HP: 92/94 MP: 9/9
  4994 | D:6      | Noticed Dowan
  4999 | D:6      | Killed Dowan
  5476 | D:6      | Found a staircase to the Ecumenical Temple.
  5827 | Temple   | Entered the Ecumenical Temple
  6335 | D:7      | Found a stormy altar of Qazlal.
  6698 | D:7      | Reached skill level 12 in Maces & Flails
  6747 | D:7      | Received a gift from Trog
  8404 | D:9      | Found a shadowy altar of Dithmenos.
  8518 | D:9      | Reached XP level 10. HP: 107/107 MP: 10/10
  8630 | D:9      | Reached skill level 13 in Maces & Flails
  8964 | D:9      | Found a staircase to the Orcish Mines.
  9004 | D:9      | Received a gift from Trog
  9342 | D:9      | Reached skill level 10 in Fighting
  9379 | D:9      | Reached skill level 14 in Maces & Flails
  9661 | D:9      | Noticed Erica
  9703 | D:9      | Killed Erica
  9703 | D:9      | Reached skill level 15 in Maces & Flails
 10318 | D:9      | Noticed a wandering mushroom
 10333 | D:9      | Killed a wandering mushroom
 10333 | D:9      | Reached XP level 11. HP: 118/120 MP: 11/11
 10339 | D:9      | Noticed a wandering mushroom
 10355 | D:9      | Killed a wandering mushroom
 10358 | D:9      | Found a blossoming altar of Fedhas.
 10358 | D:9      | Noticed a wandering mushroom
 10358 | D:9      | Noticed a wandering mushroom
 10402 | D:9      | Killed a wandering mushroom
 10422 | D:9      | Killed a wandering mushroom
 10709 | D:10     | Entered Level 10 of the Dungeon
 11372 | D:10     | Noticed a hill giant
 11398 | D:10     | Killed a hill giant
 11398 | D:10     | Reached skill level 16 in Maces & Flails
 11415 | D:10     | Noticed a hill giant
 11446 | D:10     | Killed a hill giant
 11566 | D:10     | Found a staircase to the Lair.
 11640 | Lair:1   | Entered Level 1 of the Lair of Beasts
 12435 | Lair:1   | Noticed Fannar
 12448 | Lair:1   | Killed Fannar
 12732 | Lair:1   | Noticed Sonja
 13448 | Orc:1    | Entered Level 1 of the Orcish Mines
 13986 | Orc:1    | Found a roughly hewn altar of Beogh.
 14841 | Orc:2    | Found a flagged portal.
 14863 | Bailey   | Entered a bailey
 14863 | Bailey   | Noticed an orc knight
 15104 | Bailey   | Noticed an orc knight
 15438 | Bailey   | Killed an orc knight
 15438 | Bailey   | Reached skill level 10 in Throwing
 15438 | Bailey   | Reached XP level 12. HP: 135/137 MP: 12/12
 15501 | Bailey   | Killed an orc knight
 15501 | Bailey   | Received a gift from Trog
 15651 | Bailey   | Noticed an orc knight
 15666 | Bailey   | Killed an orc knight
 16002 | Orc:3    | Found a staircase to the Elven Halls.
 17541 | Orc:1    | Received a gift from Trog
 17704 | Orc:4    | Entered Level 4 of the Orcish Mines
 18275 | Orc:4    | Received a gift from Trog
 18523 | Orc:4    | Received a gift from Trog
 18524 | Orc:4    | Got a brightly glowing dire flail {god gift}
 18528 | Orc:4    | Noticed an orc warlord
 18968 | Orc:4    | Noticed Zebura's ghost (powerful DDBe)
 19025 | Orc:2    | Identified the +5 dire flail of the Abyss {crush, -Tele Str+3 Int+3 Dex+11} (Trog gifted it to you on level 4 of the Orcish Mines)
 19109 | D:9      | Reached skill level 5 in Dodging
 19253 | Lair:1   | Killed Sonja
 19992 | Lair:2   | Noticed a five-headed hydra
 19998 | Lair:2   | Killed a five-headed hydra
 20344 | Lair:2   | Noticed a five-headed hydra
 20348 | Lair:2   | Killed a five-headed hydra
 20520 | Lair:3   | Found a frozen archway.
 20561 | IceCv    | Entered an ice cave
 20634 | IceCv    | Reached XP level 13. HP: 146/146 MP: 13/13
 20849 | IceCv    | Received a gift from Trog
 20885 | IceCv    | Noticed an ice dragon
 20889 | IceCv    | Noticed an ice dragon
 20897 | IceCv    | Killed an ice dragon
 20911 | IceCv    | Killed an ice dragon
 21233 | Lair:3   | Noticed a death yak
 21233 | Lair:3   | Noticed a death yak
 21237 | Lair:3   | Noticed a death yak
 21247 | Lair:3   | Killed a death yak
 21247 | Lair:3   | Reached skill level 10 in Dodging
 21248 | Lair:3   | Killed a death yak
 21255 | Lair:3   | Killed a death yak
 21344 | Lair:3   | Found a staircase to the Snake Pit.
 21853 | Lair:3   | Received a gift from Trog
 23311 | Lair:5   | Reached skill level 15 in Fighting
 23900 | Lair:6   | Reached XP level 14. HP: 154/159 MP: 14/14
 24094 | Lair:6   | Found a viscous altar of Jiyva.
 24094 | Lair:6   | Found a staircase to the Slime Pits.
 24181 | Lair:6   | Found a dark tunnel.
 24208 | Volcano  | Entered a volcano
 24680 | Lair:6   | Received a gift from Trog
 25250 | Lair:7   | Reached skill level 1 in Evocations
 25794 | Lair:7   | Noticed Rupert
 25806 | Lair:7   | Killed Rupert
 26013 | Lair:8   | Entered Level 8 of the Lair of Beasts
 26488 | Lair:7   | Reached skill level 5 in Evocations
 26777 | Lair:8   | Received a gift from Trog
 27174 | Lair:8   | Reached XP level 15. HP: 120/170 MP: 15/19
 27571 | Lair:8   | Found a runed door.
 27790 | Lair:8   | Received a gift from Trog
 28063 | Lair:8   | Received a gift from Trog
 28121 | Lair:8   | Paralysed by a hornet for 3 turns
 28161 | Lair:8   | HP: 8/170 [poisoned by a hornet]
 28166 | Lair:8   | HP: 8/170 [poisoned by a hornet]
 29539 | Orc:4    | Killed Zebura's ghost
 29699 | Orc:4    | Killed an orc warlord
 29800 | Orc:4    | Noticed an orc high priest
 29873 | Orc:4    | Killed an orc high priest
 29884 | Orc:4    | Found a roughly hewn altar of Beogh.
 29988 | Orc:4    | Received a gift from Trog
 30005 | Orc:4    | Found Erok's Antique Weapon Boutique.
 30040 | Orc:4    | Found Fed Leil's General Store.
 30415 | Orc:4    | Found a roughly hewn altar of Beogh.
 30473 | Orc:4    | Found Joani's Antique Armour Boutique.
 30558 | Orc:4    | Found Womiblyi's Book Boutique.
 30913 | Orc:4    | Bought the +2 cloak of the Thief {+Fog Slay-2 SInv Stlth+} for 1873 gold pieces
 30940 | Orc:4    | Bought a scroll of silence for 82 gold pieces
 30940 | Orc:4    | Bought a phial of floods for 440 gold pieces
 30940 | Orc:4    | Bought a scroll of teleportation for 33 gold pieces
 30940 | Orc:4    | Bought a potion of heal wounds for 55 gold pieces
 31317 | Lair:5   | Found a staircase to the Swamp.
 31342 | Swamp:1  | Entered Level 1 of the Swamp
 31569 | Swamp:1  | Reached skill level 10 in Evocations
 31656 | Swamp:1  | Received a gift from Trog
 32050 | Swamp:1  | Reached skill level 17 in Maces & Flails
 32355 | Swamp:1  | Identified the Almanac of Ashen Summoning
 33100 | Swamp:2  | Reached XP level 16. HP: 168/179 MP: 21/23
 33437 | Swamp:2  | Reached skill level 18 in Maces & Flails
 34212 | Swamp:3  | Received a gift from Trog
 34843 | D:11     | Reached skill level 19 in Maces & Flails
 35090 | D:11     | Received a gift from Trog
 35308 | D:11     | Reached skill level 1 in Armour
 35548 | D:11     | Received a gift from Trog
 36356 | D:12     | Received a gift from Trog
 38061 | D:14     | Reached skill level 5 in Armour
 38400 | D:14     | Received a gift from Trog
 38713 | D:14     | Received a gift from Trog
 38911 | D:14     | Reached skill level 20 in Maces & Flails
 38961 | D:14     | Found a gate to the Vaults.
 39011 | D:14     | Identified a scroll of acquirement
 39268 | D:15     | Entered Level 15 of the Dungeon
 39406 | D:15     | Noticed Somebody's ghost (mighty NaTm)
 39449 | D:15     | Killed Somebody's ghost
 39449 | D:15     | Reached XP level 17. HP: 75/187 MP: 9/24
 39794 | D:15     | Received a gift from Trog
 40092 | D:15     | Noticed Agnes
 40110 | D:15     | Killed Agnes
 40110 | D:15     | Received a gift from Trog
 40449 | D:15     | Reached skill level 21 in Maces & Flails
 40804 | D:15     | Found a staircase to the Depths.
 41533 | D:10     | Received a gift from Trog
 41927 | Lair:2   | Upgraded the game from 0.17-a0-483-g810ce3f to 0.17-a0-488-g0a147b9
 41953 | Snake:1  | Entered Level 1 of the Snake Pit
 41982 | Snake:1  | Noticed Louise
 42036 | Snake:1  | Killed Louise
 42601 | Snake:2  | Found a glowing golden altar of the Shining One.
 42665 | Snake:2  | Reached skill level 22 in Maces & Flails
 43413 | Snake:3  | Received a gift from Trog
 44401 | Snake:4  | Received a gift from Trog
 44498 | Snake:4  | Reached XP level 18. HP: 188/196 MP: 25/25
 44576 | Snake:4  | Received a gift from Trog
 44767 | Snake:4  | Noticed Roxanne
 44913 | Snake:4  | Received a gift from Trog
 45033 | Snake:4  | Found a glowing golden altar of the Shining One.
 45590 | Snake:4  | Found Feekoir's General Store.
 45616 | Snake:4  | Found Xuxank's Food Shoppe.
 45689 | Snake:4  | Found Keosoff's Antique Weapon Boutique.
 45883 | Snake:4  | Killed Roxanne
 45889 | Snake:4  | Identified Roxanne's Collected Works on Ashen Transmutation (You took it off Roxanne on level 4 of the Snake Pit)
 46364 | Swamp:4  | Received a gift from Trog
 46381 | Swamp:4  | Got a crude giant spiked club {god gift}
 46382 | Swamp:4  | Identified the +5 giant spiked club of the Enchanted Forest {crush, rF+ rC+ Str+2} (Trog gifted it to you on level 4 of the Swamp)
 47000 | Swamp:5  | Entered Level 5 of the Swamp
 47310 | Swamp:5  | Received a gift from Trog
 47822 | Swamp:5  | Noticed the 27-headed Lernaean hydra
 47828 | Swamp:5  | Killed the 27-headed Lernaean hydra
 47828 | Swamp:5  | Received a gift from Trog
 47909 | Swamp:5  | Got a decaying rune of Zot
 48270 | Snake:5  | Entered Level 5 of the Snake Pit
 48293 | Snake:5  | Found a flickering gateway to a bazaar.
 48338 | Bazaar   | Entered a bazaar
 48338 | Bazaar   | Found Qutt's Antique Weapon Shop.
 48364 | Bazaar   | Found Agiating's Antique Armour Shop.
 48384 | Bazaar   | Found Ekolomuvi's General Store.
 48393 | Bazaar   | Bought a potion of might for 44 gold pieces
 48393 | Bazaar   | Bought a scroll of identify for 22 gold pieces
 48412 | Snake:5  | Found Pokaefus's Practical Paraphernalia.
 48467 | Snake:5  | Reached XP level 19. HP: 215/215 MP: 26/26
 48477 | Snake:5  | Reached skill level 10 in Armour
 48793 | Snake:5  | Received a gift from Trog
 49068 | Snake:5  | Received a gift from Trog
 49085 | Snake:5  | Got a polished giant spiked club {god gift}
 49086 | Snake:5  | Identified the +7 giant spiked club of the Thirteen Wars {holy, rC+ Str+4} (Trog gifted it to you on level 5 of the Snake Pit)
 49937 | Snake:5  | HP: 15/322 [poisoned by a naga (splash of poison)]
 49938 | Snake:5  | HP: 2/322 [black mamba (12)]
 49938 | Snake:5  | Slain by a black mamba

Action                   |  1- 3 |  4- 6 |  7- 9 | 10-12 | 13-15 | 16-18 | 19-21 || total
-------------------------+-------+-------+-------+-------+-------+-------+-------++-------
Melee: Mace              |    75 |    72 |    39 |   473 |       |       |       ||   659
       Flail             |       |   167 |   261 |   160 |       |       |       ||   588
       Whip              |       |    12 |    53 |   227 |       |       |       ||   292
       Trident           |       |       |       |    49 |       |       |       ||    49
       Dire flail        |       |       |       |   102 |  1140 |   684 |       ||  1926
       Giant spiked club |       |       |       |       |    93 |  1017 |   229 ||  1339
       Unarmed           |       |       |       |       |       |    19 |       ||    19
 Fire: Blowgun           |       |     6 |    43 |    21 |     4 |       |       ||    74
Throw: Javelin           |     4 |     5 |     1 |     8 |    67 |     9 |       ||    94
       Stone             |     8 |    52 |   102 |   230 |   328 |   102 |       ||   822
       Tomahawk          |       |       |     8 |    62 |    95 |    98 |    11 ||   274
       Large rock        |       |       |       |    20 |     9 |     6 |       ||    35
Invok: Trog's Hand       |       |       |     1 |       |     3 |     2 |       ||     6
       Berserk           |       |       |       |     5 |     3 |     1 |     1 ||    10
Evoke: Wand              |       |       |     1 |     9 |       |       |       ||    10
  Use: Scroll            |       |     1 |     9 |    12 |    12 |    17 |     2 ||    53
       Potion            |       |       |       |     2 |       |       |       ||     2
 Stab: Sleeping          |       |       |     1 |       |     5 |     8 |       ||    14
       Distracted        |       |       |       |       |     3 |     2 |       ||     5
  Eat: Chunk             |       |     9 |    14 |    44 |    38 |    52 |     5 ||   162
       Fruit             |       |       |       |     2 |       |       |       ||     2
       Meat ration       |       |       |       |       |     1 |       |       ||     1
